 Dungeon Crawl Stone Soup version 0.31-a0-216-g22e908daa7 (webtiles) character file.

Game seed: 8572825038359450853

98 qw the Shooter (level 4, 0/26 HPs)
             Began as a Gargoyle Hexslinger on July 2, 2023.
             Slain by an orc
             ... wielding a +0 mace
              (3 damage)
             ... on level 3 of the Dungeon.
             The game lasted 00:00:45 (1637 turns).

qw the Shooter (Gargoyle Hexslinger)                Turns: 1637, Time: 00:00:46

Health: 0/26       AC:  8    Str: 18    XL:     4   Next: 69%
Magic:  5/5        EV: 11    Int: 13    God:
Gold:   189        SH:  0    Dex: 14    Spells: 4/5 levels left

rFire   . . .        Y - +2 sling
rCold   . . .        (no shield)
rNeg    + . .        e - +0 ring mail
rPois   inf          (no helmet)
rElec   +            (no cloak)
rCorr   .            (no gloves)
SInv    .            (no boots)
Will    .....        (no amulet)
Stlth   +            h - +6 ring of strength
HPRegen 0.24/turn    (no ring)
MPRegen 0.09/turn

%: no passive effects
@: about to teleport
A: sickness immunity, AC +3, negative energy resistance 1, electricity
resistance, torment resistance 1, petrification resistance
a: no special abilities


You were on level 3 of the Dungeon.
You visited 1 branch of the dungeon, and saw 4 of its levels.

You collected 189 gold pieces.


Innate Abilities, Weirdness & Mutations

You are immune to sickness and miasma.
Your stone body is resilient. (AC +3)
You are immune to poison.
You resist negative energy. (rN+)
You are resistant to electric shocks. (rElec)
You are resistant to unholy torment.
You are immune to petrification.


   Skills:
 - Level 2.0 Fighting
 + Level 4.2 Ranged Weapons
 - Level 1.0 Armour
 - Level 1.5 Dodging
 - Level 1.0 Spellcasting
 - Level 2.6 Hexes


You had 4 spell levels left.
You knew the following spells:

 Your Spells              Type           Power      Damage    Failure   Level
a - Slow                  Hex            28%        N/A       17%         1

Your spell library contained the following spells:

 Spells                   Type           Power      Damage    Failure   Level
 Inner Flame              Hex/Fire       4%         N/A       65%         3
 Portal Projectile        Hex/Tloc       8%         N/A       65%         3
 Cause Fear               Hex            3%         N/A       86%         4

Inventory:

Hand Weapons
 Y - a +2 sling (weapon)
Armour
 e - a +0 ring mail (worn)
Jewellery
 d - an amulet of regeneration
 h - a +6 ring of strength (left hand)
Wands
 c - a wand of digging (7)
Scrolls
 f - a scroll of identify
 k - a scroll of teleportation
Potions
 a - a potion of cancellation
 b - a potion of ambrosia {unknown}
 g - a potion of lignification {unknown}

Dungeon Overview and Level Annotations

Branches:
Dungeon (4/15)
 Temple: D:4-7

Altars:

Shops:
D:1 =


Message History

The shadow imp is almost dead.
An orc comes into view. It is wielding a +0 mace.
The shadow imp gestures at you. Pain shoots through your body!
1608 ||| STAIRDANCE The shadow imp hits you but does no damage.
You climb upwards.
There is a stone staircase leading down here.
You shoot a sling bullet. The sling bullet hits the shadow imp.
You kill the shadow imp!
You start resting.
HP restored.
(D) Dungeon
Where to? (* - list waypoints, Enter - D:4, ? - help)
What level of the Dungeon? (default 1, ? - help)
You climb downwards.
You hear the sound of rushing water.
There is an entrance to a sewer on this level.
Hurry and find it before the portal rusts away!
The orc shouts!
The orc hits you with a +0 mace.
An orc priest comes into view. It is wielding a +0 short sword.
The orc closely misses you.
The orc priest mumbles some strange prayers to Beogh against you.
Beogh smites you!
There is a stone staircase leading up here.
1633 ||| STAIRDANCE The orc hits you with a +0 mace.
You climb upwards.
There is a stone staircase leading down here.
You shoot a sling bullet. The sling bullet hits the orc.
The orc is lightly wounded.
The orc hits you with a +0 mace.
1636 ||| READING 2 scrolls of teleportation.
As you read the scroll of teleportation, it crumbles to dust.
You feel strangely unstable. The orc hits you with a +0 mace.
You shoot a sling bullet.
The sling bullet closely misses the orc.
The orc hits you with a +0 mace.
You die...

#¤¤¤¤¤¤¤¤¤..#####
#####.¤¤¤.#####
#.¤¤¤.....#
#....####.##
#....#.....##
#....#.......
#########.##.......
#.......)..#####...
#.@o.......##......
#........(.#..##.##
#............##..#
#...........###.##
#...........#...#
#.............###
#..........#..# ###
#..........#..###..
#..........#...#..#


You could see an orc.

Vanquished Creatures
  2 adders (D:3)
  A shadow imp (D:3)
  2 worms
  2 dart slugs (D:2)
  6 orcs (D:3)
  An endoplasm (D:1)
  3 goblins
  3 hobgoblins
  6 jackals (D:1)
  2 quokkas
  7 ball pythons
  4 bats
  6 frilled lizards
  5 kobolds
  4 rats
54 creatures vanquished.

Notes
Turn   | Place    | Note
-------+----------+-------------------------------------------
     0 | D:1      | qw the Gargoyle Hexslinger began the quest for the Orb.
     0 | D:1      | Reached XP level 1. HP: 12/12 MP: 2/2
     0 | D:1      | 0 ||| qw: Version: 0.3-a-39-g4513739
     0 | D:1      | 0 ||| qw: Game counter: 7872
     0 | D:1      | 0 ||| qw: Melee chars always use a shield: true
     0 | D:1      | 0 ||| qw: God list: Okawaru
     0 | D:1      | 0 ||| qw: Allow faded altars: false
     0 | D:1      | 0 ||| qw: Do Orc after clearing Dungeon:15 true
     0 | D:1      | 0 ||| qw: Do second Lair branch before Depths: true
     0 | D:1      | 0 ||| qw: Lair rune preference: random
     0 | D:1      | 0 ||| qw: Goals: Normal
     0 | D:1      | 0 ||| PLANNING D:1-11
    70 | D:1      | Reached XP level 2. HP: 12/16 MP: 3/3
   304 | D:1      | Reached skill level 3 in Ranged Weapons
   315 | D:1      | Found Foc Idyst's Jewellery Shop.
   337 | D:1      | 337 ||| SHOPLISTING +6 ring of dexterity (360 gold, have
                  | 0).
   337 | D:1      | 337 ||| SHOPLISTING amulet of faith (400 gold, have 0).
   337 | D:1      | 337 ||| SHOPLISTING ring of Midsummer {Drain rPois Str-5
                  | Slay+4 SInv} (780 gold, have 0).
   337 | D:1      | 337 ||| SHOPLISTING ring of ice (250 gold, have 0).
   337 | D:1      | 337 ||| SHOPLISTING ring of protection from cold (250 gold,
                  | have 0).
   337 | D:1      | 337 ||| SHOPLISTING ring of see invisible (150 gold, have
                  | 0).
   373 | D:1      | Reached XP level 3. HP: 11/21 MP: 4/4
   574 | D:1      | 574 ||| UPGRADING to +0 leather armour.
   584 | D:1      | 584 ||| DROPPING +0 robe.
   585 | D:1      | 585 ||| UPGRADING to +0 ring mail.
   595 | D:1      | 595 ||| DROPPING +0 leather armour.
   596 | D:1      | 596 ||| READING scroll labelled UXEAHYN MOTH.
   597 | D:1      | 597 ||| READING scroll labelled GIWUELILYIPP.
   598 | D:1      | 598 ||| READING scroll labelled UZEIRGH KUID.
   599 | D:1      | 599 ||| READING scroll labelled LEKHLE YGGAPETA.
   600 | D:1      | 600 ||| DRINKING 2 cyan potions.
   601 | D:1      | 601 ||| DROPPING scroll of poison.
   602 | D:1      | 602 ||| DROPPING potion of invisibility.
   834 | D:2      | 834 ||| READING scroll labelled DAIQET DELAI.
  1033 | D:3      | Reached XP level 4. HP: 23/26 MP: 5/5
  1072 | D:3      | Reached skill level 4 in Ranged Weapons
  1201 | D:3      | Reached skill level 1 in Armour
  1562 | D:3      | 1562 ||| UPGRADING to +6 ring of strength.
  1563 | D:3      | 1563 ||| READING scroll labelled TOR SI PIET.
  1583 | D:3      | 1583 ||| READING scroll labelled KOROKK JISI.
  1584 | D:3      | 1584 ||| READING 2 scrolls of identify.
  1584 | D:3      | 1584 ||| IDENTIFYING sedimented brown potion
  1603 | D:4      | 1603 ||| PLANNING SEWER
  1608 | D:4      | 1608 ||| STAIRDANCE
  1633 | D:4      | 1633 ||| STAIRDANCE
  1635 | D:3      | HP: 6/26 [orc/+0 mace (4)]
  1636 | D:3      | 1636 ||| READING 2 scrolls of teleportation.
  1636 | D:3      | HP: 2/26 [orc/+0 mace (4)]
  1637 | D:3      | Slain by an orc

Levels and vault maps discovered:
D:1:      onia_arrival_pentagram, layout_basic, serial_shops,
          nicolae_shop_tiny_waterfront
D:2:      layout_basic
D:3:      layout_rooms, nicolae_overflow_hidden_temple
D:4:      minmay_chambers_of_twos, layout_loops_ring,
          cheibrodos_sewer_entry_bend, serial_shops, shop,
          nicolae_shop_peninsula, shop, shop, uniq_edmund

Skill      XL: |  1  2  3  4 |
---------------+-------------+-----
Ranged Weapons | 3 4 |  4.2
Fighting       | 2 |  2.0
Armour         | 1 |  1.0
Dodging        | |  1.5
Spellcasting   | |  1.0
Hexes          | |  2.6

Action                     |  1- 3 |  4- 6 || total
---------------------------+-------+-------++-------
   Fire: Sling             |   120 |    60 ||   180
    Use: Scroll            |     5 |     4 ||     9
         Potion            |     1 |       ||     1
 Armour: Robe              |    15 |       ||    15
         Ring mail         |    20 |    10 ||    30
  Dodge: Dodged            |    55 |    23 ||    78

Table legend:
 A = Non-vault XP
 B = Vault XP
 C = Vault XP percentage of total XP
 D = Non-vault monster count
 E = Vault monster count
 F = Vault count percentage of total count
                 A         B        C        D         E       F
            +---------+---------+-------+---------+---------+-------
      Total |     140 |       0 |   0.0 |      54 |       0 |   0.0
            +---------+---------+-------+---------+---------+-------
        D:1 |      34 |       0 |   0.0 |      21 |       0 |   0.0
        D:2 |      27 |       0 |   0.0 |      12 |       0 |   0.0
        D:3 |      79 |       0 |   0.0 |      21 |       0 |   0.0
            +---------+---------+-------+---------+---------+-------
